[Event "Late-Titled-Tuesday-Blitz-April-02-2024"]
[Site "Chess.com"]
[Date "2024.04.02"]
[Round "7"]
[White "JoakimVonAnd"]
[Black "Smiechu"]
[Result "1-0"]
[WhiteElo "2705"]
[BlackElo "2500"]
[TimeControl "180+1"]
[EndTime "15:16:33 PDT"]
[Termination "JoakimVonAnd won by checkmate"]

1. c4 Nf6 2. Nc3 c5 3. Nf3 Nc6 4. e3 g6 5. d4 cxd4 6. exd4 d5 7. cxd5 Nxd5 8. Qb3 Nxc3 9. Bc4 Nd5 10. Bxd5 e6 11.
Bxc6+ bxc6 12. O-O Bg7 13. Be3 O-O 14. Rfc1 Qd5 15.
Nd2 e5 16. Rc5 Qxb3 17. Nxb3 exd4 18. Bxd4 Be6 19. Bxg7 Kxg7 20. Nd4 Bd5 21. Nxc6 Rac8 22. Rxd5 Rxc6 23. Ra5 Rc2 24. b3 Rd8 25. Rxa7 Rdd2 26. Rf1 Rxa2 27. Rxa2 Rxa2 28. Rb1 Kf8 29. g3 Ke7 30. Kg2 Kd6 31. Kf3 Kc5 32. h4 h5 33. Ke3 Rc2 34. b4+ Kb5 35. f3 Rc4 36. Rb2 f6 37. Rb1 Rc3+ 38. Ke4 Rc4+ 39. Kd5 Rc3 40.
Rf1 Kxb4 41. Ke6 Rc6+ 42. Kf7 g5 43. Kg6 gxh4 44. gxh4 Rc4 45. Kxh5 Kc5 46. f4 Kd6 47. Kg6 Ke7 48. h5 Kf8 49. h6 Rc2 50. Ra1 Rg2+ 51.
Kxf6 Kg8 52. Ra7 Rf2 53. f5 Rb2 54. Rg7+ Kh8 55. Re7 Kg8 56. Rd7 Ra2 57. Ke7 Re2+ 58. Kf6 Ra2 59. Rd6 Rb2 60. Ke7 Rb7+ 61. Rd7 Rb6 62.
f6 Rb1 63. f7+ Kh7 64. f8=Q Re1+ 65. Kf6+ Re7 66. Rxe7# 1-0

[Event "Late-Titled-Tuesday-Blitz-April-02-2024"]
[Site "Chess.com"]
[Date "2024.04.02"]
[Round "7"]
[White "ATM622"]
[Black "Gabcur"]
[Result "0-1"]
[WhiteElo "2513"]
[BlackElo "2359"]
[TimeControl "180+1"]
[EndTime "15:16:33 PDT"]
[Termination "Gabcur won by resignation"]

1. d4 d5 2. c4 c6 3. Nf3 Nf6 4.
Nbd2 e6 5. g3 c5 6. cxd5 exd5 7.
Bg2 Nc6 8. dxc5 Bxc5 9. O-O O-O 10. Nb3 Bb6 11. Nfd4 Re8 12. e3 Ne5 13. a4 a6 14. a5 Ba7 15. Bd2 Nc4 16. Bc3 Ne4 17.
Qc2 Bd7 18. Rfd1 Rc8 19. Qd3 Nxc3 20. bxc3 Nb2 21. Qc2 Nxd1 22. Rxd1 Ba4 23. Qa2 Bxd4 24. Rxd4 Bxb3 25. Qxb3 Qxa5 26. Bxd5 Re7 27. Rf4 Qxc3 28.
Bxf7+ Kh8 29. Qd5 Qc1+ 30. Kg2 Qc6 31. Qxc6 Rxc6 32. Bd5 Rc8 33. Rb4 b5 34. e4 g6 35.
h4 Kg7 36. Rd4 a5 37. f4 b4 38. Kf3 Ra7 39. h5 Rb8 40. Ba2 a4 41. hxg6 hxg6 42.
Bb1 b3 43. e5 a3 44. f5 gxf5 45.
Bxf5 a2 46. Rg4+ Kf7 47. e6+ Kf6 48. Kf4 a1=Q 49. Rg6+ Ke7 50. Rg7+ Kd6 51. Rxa7 Qxa7 52. e7 Qxe7 0-1

[Event "Late-Titled-Tuesday-Blitz-April-02-2024"]
[Site "Chess.com"]
[Date "2024.04.02"]
[Round "7"]
[White "Lady_Nika"]
[Black "TheMagician"]
[Result "0-1"]
[WhiteElo "2514"]
[BlackElo "2315"]
[TimeControl "180+1"]
[EndTime "15:16:33 PDT"]
[Termination "TheMagician won by checkmate"]

1. e4 c5 2. Nc3 d6 3. g3 Nc6 4. Bg2 g6 5. d3 Bg7 6. f4 Qa5 7. Bd2 Nd4 8. Nf3 Bg4 9. O-O Qd8 10. Rb1 e6 11. Ne2 Nxf3+ 12. Bxf3 Bxf3 13. Rxf3 f5 14. exf5 exf5 15. Bc3 Nf6 16. Re3+ Kf7 17. b4 b6 18. bxc5 dxc5 19. Bxf6 Bxf6 20. c3 Qd5 21.
Qa4 Rhd8 22. Re1 Qd7 23. Qc4+ Qd5 24. Qa4 Qd7 25. Qb3+ Qd5 26. c4 Qd7 27. Kf1 Re8 28. Ng1 Rxe3 29. Rxe3 Bd4 30. Re2 Bxg1 31. Kxg1 Qd4+ 32.
Kf1 Rd8 33. Qa4 Qxd3 34. Qxa7+ Rd7 35. Qxb6 Qf3+ 36. Ke1 Qh1+ 37. Kf2 Qxh2+ 38. Kf3 Qh5+ 39. Kf2 Qh2+ 40. Kf3 Rd3+ 41. Re3 Qh1+ 42. Ke2 Qd1+ 43. Kf2 Rd2+ 44. Re2 Qxe2+ 45. Kg1 Qg2# 0-1

[Event "Late-Titled-Tuesday-Blitz-April-02-2024"]
[Site "Chess.com"]
[Date "2024.04.02"]
[Round "7"]
[White "BardArtem"]
[Black "nabukatnezarr"]
[Result "0-1"]
[WhiteElo "2824"]
[BlackElo "2639"]
[TimeControl "180+1"]
[EndTime "15:16:34 PDT"]
[Termination "nabukatnezarr won by resignation"]

1. e4 e5 2. d4 exd4 3. Qxd4 Nc6 4. Qd3 d5 5. Qxd5 Qxd5 6. exd5 Nb4 7. Bb5+ Bd7 8.
Bxd7+ Kxd7 9. Kd1 Nxd5 10. Nf3 Bd6 11. Ke2 Re8+ 12. Kf1 Ngf6 13. c3 Re7 14. Bg5 Rhe8 15.
Nbd2 Bf4 16. Bxf6 Nxf6 17. g3 Bxd2 18. Nxd2 Re2 19. Rd1 Kc8 20. Kg2 Ng4 21. Rhf1 Ne3+ 22. Kf3 Nxd1 23. Rxd1 Re1 24. Rxe1 Rxe1 25. Ne4 f6 26. a4 Ra1 27. b3 Rb1 28. Nd2 Rb2 29.
Ke2 b6 30. Kd1 Ra2 31. Kc1 Kd7 32. Kd1 Ke6 33. Ke2 Kf5 34. f3 Rb2 35. Kd3 g5 36.
Ke3 g4 37. f4 h5 38. Kd3 h4 39.
Ke3 h3 40. Kd3 a5 41. Ke3 c6 42. Kd3 b5 43. axb5 cxb5 44. c4 a4 45. bxa4 bxa4 46.
Kc3 a3 47. Nb3 Rxh2 48. c5 Ke6 49. Kb4 Rb2 50. Kxa3 Rxb3+ 51. Kxb3 h2 52. f5+ Kd7 53. Kc4 h1=Q 54. Kb5 Qc6+ 0-1

[Event "Late-Titled-Tuesday-Blitz-April-02-2024"]
[Site "Chess.com"]
[Date "2024.04.02"]
[Round "7"]
[White "FredddieCroderg"]
[Black "PotapovaM"]
[Result "0-1"]
[WhiteElo "2397"]
[BlackElo "2546"]
[TimeControl "180+1"]
[EndTime "15:16:34 PDT"]
[Termination "PotapovaM won on time"]

1. e4 e6 2. d4 d5 3. exd5 exd5 4. Bd3 Nc6 5. Nf3 Bd6 6. O-O Nge7 7. c3 h6 8. Re1 Be6 9. Nbd2 Qd7 10. Nf1 O-O 11.
Ng3 Rae8 12. Be3 a6 13. Qd2 Nf5 14. Bf4 Nxg3 15. hxg3 Bf5 16. Bxf5 Qxf5 17. Bxd6 cxd6 18. Nh4 Qf6 19. Qd3 Re6 20. Nf5 Rfe8 21. Ne3 Qg5 22. Kf1 Qh5 23. Kg1 Ne7 24. Re2 Qg5 25. Rae1 h5 26.
Nf1 Nf5 27. Nh2 Nh6 28. Nf3 Qg4 29. Rxe6 Rxe6 30. Rxe6 Qxe6 31. Kf1 Ng4 32. Ng5 Qf6 33. f4 g6 34. Qe2 Qf5 35. Qe8+ Kg7 36. Qe7 Qb1+ 37. Qe1 Qxb2 38. f5 Qc2 39. fxg6 Qxg6 40. Nf3 Qd3+ 41. Kg1 Qc2 42. Nh4 Qxa2 43. Nf5+ Kf6 44.
Nxd6 Qc2 45. Ne8+ Kg6 46. Qf1 Qf5 0-1

[Event "Late-Titled-Tuesday-Blitz-April-02-2024"]
[Site "Chess.com"]
[Date "2024.04.02"]
[Round "7"]
[White "yaguigor"]
[Black "RichardShtivelband"]
[Result "1/2-1/2"]
[WhiteElo "2614"]
[BlackElo "2319"]
[TimeControl "180+1"]
[EndTime "15:16:35 PDT"]
[Termination "Game drawn - insufficient material"]

1. Nf3 Nf6 2. c4 c6 3. Nc3 d5 4.
d4 dxc4 5. a4 Bf5 6. e3 e6 7.
Bxc4 Bb4 8. O-O Nbd7 9. Qe2 Bg6 10. Nh4 Bh5 11. Nf3 O-O 12. e4 e5 13. Be3 Bxc3 14. bxc3 Nxe4 15. Qc2 Bxf3 16. gxf3 Ng5 17. Qf5 Ne6 18.
Bxe6 fxe6 19. Qxe6+ Kh8 20. Kh1 Rf6 21. Qg4 Rg6 22.
Qh3 Qf6 23. Rg1 Nb6 24. Rxg6 Qxg6 25. dxe5 Rf8 26. Rg1 Qf7 27. e6 Qe7 28. Bxb6 axb6 29. Rd1 h6 30. Rd7 Qg5 31. Qg4 Qf6 32. c4 Re8 33. e7 Rxe7 34. Rxe7 Qxe7 35. Kg2 Kg8 36. h4 Kf7 37. Qf5+ Qf6 38. Qd7+ Qe7 39. Qxe7+ Kxe7 40. Kg3 Kf6 41. Kg4 g6 42. h5 gxh5+ 43. Kxh5 Kf5 44. Kxh6 Kf4 45. Kg6 Kxf3 46. Kf5 Kxf2 47. Ke6 Ke3 48. Kd6 Kd4 49. Kc7 Kxc4 50. Kxb6 c5 51. Kxb7 Kb4 52. Kb6 c4 53. a5 c3 54. a6 c2 55. a7 c1=Q 56. a8=Q Qc5+ 57. Kb7 Qd5+ 58. Kb8 Qxa8+ 59. Kxa8 1/2-1/2

[Event "Late-Titled-Tuesday-Blitz-April-02-2024"]
[Site "Chess.com"]
[Date "2024.04.02"]
[Round "7"]
[White "FairChess_on_YouTube"]
[Black "sergoy"]
[Result "0-1"]
[WhiteElo "3042"]
[BlackElo "2922"]
[TimeControl "180+1"]
[EndTime "15:16:36 PDT"]
[Termination "sergoy won on time"]

1. d4 d5 2. c4 c6 3. Nf3 Nf6 4. e3 Bf5 5. Nc3 e6 6. Nh4 Be4 7. f3 Bg6 8. Qb3 Qc7 9. Bd2 Be7 10. Nxg6 hxg6 11. cxd5 cxd5 12. O-O-O Nc6 13. Kb1 a6 14. Rc1 Nd7 15. Bd3 Rc8 16. Ne2 Qb6 17. Qa4 Qd8 18. h4 Rxh4 19. Rxh4 Bxh4 20. e4 Kf8 21. exd5 exd5 22.
Qb3 Nb6 23. Rh1 Kg8 24. Qd1 Nc4 25. Bc1 Bg5 26. f4 Bf6 27. Rh3 Qd7 28. Qh1 Kf8 29.
g4 Nb4 30. g5 Bd8 31. Nc3 Nxd3 32. Nxd5 f5 33. gxf6 Qf5 34. fxg7+ Kf7 35. g8=Q+ Kxg8 36. Rh8+ Kf7 37. Rh7+ Ke6 38. Ka1 Qxd5 39. f5+ gxf5 40. Qh6+ Bf6 41. Bg5 Qd8 42. Qg6 Nce5 43. dxe5 Nxe5 44.
Re7+ Qxe7 45. Qh5 Bxg5 0-1

[Event "Late-Titled-Tuesday-Blitz-April-02-2024"]
[Site "Chess.com"]
[Date "2024.04.02"]
[Round "7"]
[White "PhileKhoob"]
[Black "KetiTsatsalashvili"]
[Result "0-1"]
[WhiteElo "2246"]
[BlackElo "2422"]
[TimeControl "180+1"]
[EndTime "15:16:38 PDT"]
[Termination "KetiTsatsalashvili won on time"]

1. Nf3 Nf6 2. g3 e6 3. Bg2 d5 4.
O-O c5 5. d4 Nc6 6. c4 Be7 7.
cxd5 exd5 8. Nc3 O-O 9. dxc5 Bxc5 10. Bg5 Be7 11. Nd4 Nxd4 12. Qxd4 Be6 13. Rfd1 h6 14. Bf4 a6 15. Be5 Rc8 16. Qd2 Ng4 17. Bd4 Bb4 18. e3 Qe7 19. a3 Bxc3 20. Bxc3 Rfd8 21. Qd4 Nf6 22. Qh4 Rc4 23. Rd4 Rdc8 24. Rad1 R4c7 25. Qf4 Nh5 26. Qe5 Nf6 27. Rf4 Rc4 28. Rfd4 Qf8 29. Rxc4 dxc4 30. Bxb7 Rd8 31. Rd4 Rxd4 32. Qxd4 Qb8 33.
Bg2 Qb3 34. h3 Ne8 35. Qd8 Qb5 36. Qd4 Qb3 37. Kh2 Qb8 38. Bc6 Nf6 39. Kg2 Bxh3+ 40. Kxh3 Qc8+ 41. Kh2 Qxc6 42. Qd8+ Kh7 43. Bxf6 gxf6 44.
Qe7 Kg7 45. Kg1 c3 46. bxc3 Qxc3 47. Qd6 Qc1+ 48. Kg2 Qc4 49. Qd4 Qc6+ 50. f3 Qb7 0-1

[Event "Late-Titled-Tuesday-Blitz-April-02-2024"]
[Site "Chess.com"]
[Date "2024.04.02"]
[Round "7"]
[White "Korchmar_Vasiliy"]
[Black "Shahdad2007"]
[Result "0-1"]
[WhiteElo "2721"]
[BlackElo "2611"]
[TimeControl "180+1"]
[EndTime "15:16:39 PDT"]
[Termination "Shahdad2007 won on time"]

1. a3 a6 2. h3 b6 3. e4 Bb7 4. Nc3 c5 5. Nf3 e6 6. g4 Nc6 7.
Bg2 Qc7 8. O-O Bd6 9. d4 cxd4 10. Nxd4 Nxd4 11. Qxd4 Be5 12. Qd3 Ne7 13. f4 Bxc3 14.
bxc3 Rc8 15. Bd2 h5 16. g5 Ng6 17. f5 exf5 18. exf5 Ne5 19. Rae1 Bxg2 20. Kxg2 O-O 21. Qg3 Qc6+ 22. Kh2 Nc4 23. Bf4 Nxa3 24. g6 Qxc3 25.
gxf7+ Rxf7 26. Re8+ Rf8 27. Rxf8+ Kxf8 28. Bd6+ Kg8 29.
Bxa3 Qxc2+ 30. Rf2 Qc7 31. Bd6 Qc4 32. f6 Qf7 33.
Be5 g6 34. Bd4 Kh7 35. Re2 Re8 36. Rxe8 Qxe8 37. Bxb6 Qf7 38. Qe5 d5 39. Bd4 a5 40.
Qb8 a4 41. Qa8 Qc7+ 42. Kg2 Qc2+ 43. Kf3 Qe4+ 44. Kg3 Qxd4 45. Qb7+ Kh6 46. Qg7+ Kg5 47. h4+ Qxh4+ 48. Kf3 Qf4+ 49. Ke2 Qxf6 0-1

[Event "Late-Titled-Tuesday-Blitz-April-02-2024"]
[Site "Chess.com"]
[Date "2024.04.02"]
[Round "7"]
[White "bipe137"]
[Black "Grischuk"]
[Result "0-1"]
[WhiteElo "2661"]
[BlackElo "3060"]
[TimeControl "180+1"]
[EndTime "15:16:40 PDT"]
[Termination "Grischuk won by resignation"]

1. d4 e6 2. c4 b6 3. a3 Bb7 4. Nc3 f5 5. d5 Nf6 6. Nf3 Na6 7. b4 Be7 8. Bb2 O-O 9. e3 Ne4 10. Bd3 Bf6 11. Qc2 Bxc3+ 12. Bxc3 Nxc3 13. Qxc3 Qf6 14.
Qxf6 Rxf6 15. dxe6 dxe6 16. Ke2 c5 17. Rab1 Rd8 18.
Rhg1 Bxf3+ 19. gxf3 Rh6 20. Rg2 Kf7 21. Bc2 Kf6 22.
Ba4 Rh4 23. f4 g6 24. Bb5 Nc7 25. Bc6 Rd6 26. Bf3 Na6 27. Bb7 Nc7 28. Bf3 e5 29.
bxc5 bxc5 30. Rb7 Rd7 31. Bc6 Re7 32. fxe5+ Kxe5 33. Kd3 Kd6 34. Bf3 Ne8 35. Rb8 Nf6 36. Rd8+ Rd7 37. Ra8 Rc7 38. Rd8+ Ke7 39. Ra8 Nd7 40. Kc3 Nb6 41. Rh8 Rxc4+ 42. Kb3 Rh4 43.
Kc3 c4 44. Be2 Nd5+ 45. Kc2 c3 46. Rg1 Rxh2 47. Rd1 Nxe3+ 48. fxe3 Rxe2+ 49. Kc1 Kf6 50. Rd6+ Kg7 51. Rb8 c2 52. Rd1 cxd1=Q+ 0-1

[Event "Late-Titled-Tuesday-Blitz-April-02-2024"]
[Site "Chess.com"]
[Date "2024.04.02"]
[Round "7"]
[White "1g60-1"]
[Black "DeArron_Fox"]
[Result "0-1"]
[WhiteElo "2395"]
[BlackElo "2535"]
[TimeControl "180+1"]
[EndTime "15:16:40 PDT"]
[Termination "DeArron_Fox won by resignation"]

1. e4 c5 2. Nf3 e6 3. d4 cxd4 4. Nxd4 a6 5. Bd3 Bc5 6. Nb3 Ba7 7. Qe2 Ne7 8. Be3 O-O 9. N1d2 Nbc6 10. O-O-O b5 11.
f4 d6 12. Nf3 Bxe3+ 13. Qxe3 Bb7 14. Kb1 Rc8 15. Qf2 Nb4 16. e5 Nxd3 17. Rxd3 Bd5 18. Rhd1 Nc6 19. f5 dxe5 20. fxe6 fxe6 21. Nbd2 Qe7 22.
Qe3 Nb4 23. Rc3 Bxa2+ 24. Ka1 Bd5 25. Rc1 Qd8 26. Nb3 Rxc3 27. Qxc3 Nc6 28. Nxe5 Nxe5 29.
Qxe5 a5 30. Nd4 Qf6 31. Qe3 e5 32. Nxb5 Rb8 33. Nc3 Bxg2 34. Re1 Bc6 35. Qxe5 Re8 36. Qg3 Rxe1+ 37. Qxe1 h6 38. Qg3 a4 39. Qb8+ Kh7 40.
Qg3 Qf1+ 41. Ka2 Qc4+ 42. Ka1 Qf1+ 43. Ka2 Qf5 44. Qd3 Qxd3 45. cxd3 g5 46. Ka3 h5 47. Kb4 g4 48. Kc5 Bf3 49. Kd4 h4 50. Ke3 Bc6 51.
Ne4 Kg6 52. Nc5 Kf5 53. Ne4 Bxe4 54. dxe4+ Ke5 55. Kd3 g3 56. hxg3 hxg3 57. Ke3 g2 58.
Kf2 Kxe4 59. Kxg2 Kd3 60. Kf2 Kc2 61. Ke1 Kxb2 0-1

[Event "Late-Titled-Tuesday-Blitz-April-02-2024"]
[Site "Chess.com"]
[Date "2024.04.02"]
[Round "7"]
[White "Bala-Afiada"]
[Black "PetrolulSah"]
[Result "0-1"]
[WhiteElo "1961"]
[BlackElo "2225"]
[TimeControl "180+1"]
[EndTime "15:16:41 PDT"]
[Termination "PetrolulSah won on time"]

1. d4 d5 2. c4 c6 3. Nf3 Nf6 4.
Qc2 g6 5. e3 Bf5 6. Bd3 Bxd3 7.
Qxd3 Ne4 8. Nc3 Nxc3 9. bxc3 Bg7 10.
cxd5 cxd5 11. O-O O-O 12. Rb1 Qd7 13. Qb5 b6 14. Ba3 Rd8 15. Rfc1 Qxb5 16. Rxb5 e6 17. c4 dxc4 18. Rxc4 Na6 19. Be7 Rdc8 20. Rxc8+ Rxc8 21.
g3 Rc2 22. a3 Nc7 23. Rb3 Nd5 24. Bd6 Bf8 25. Bxf8 Kxf8 26. Kg2 Ke7 27. Ne5 f6 28.
Nd3 Kd6 29. Nb4 Nxb4 30. axb4 Kd7 31. Kf3 Rc7 32. Ra3 Kc8 33. Ke4 Kb7 34. d5 Rc4+ 35.
Kd3 exd5 36. b5 f5 37. Rb3 h5 38. f3 Kb8 39. h4 Kb7 40. e4 fxe4+ 41. fxe4 Rxe4 42. Rc3 Rb4 43. Rc6 Rg4 44. Rf6 Rxg3+ 45. Kd4 Rg4+ 46. Kxd5 Rxh4 47. Rf7+ Kc8 48. Kc6 Rc4+ 49.
Kd6 Rc5 50. Rf8+ Kb7 51. Rf7+ Kb8 52. Rf8+ Rc8 53. Rf7 Rg8 54. Re7 g5 55. Kc6 g4 56.
Rb7+ Ka8 57. Rh7 g3 58. Rxh5 g2 0-1

[Event "Late-Titled-Tuesday-Blitz-April-02-2024"]
[Site "Chess.com"]
[Date "2024.04.02"]
[Round "7"]
[White "Dhaydon19"]
[Black "WindWhistler11"]
[Result "0-1"]
[WhiteElo "2633"]
[BlackElo "2457"]
[TimeControl "180+1"]
[EndTime "15:16:42 PDT"]
[Termination "WindWhistler11 won on time"]

1. c4 Nf6 2. d4 d6 3. Nc3 c6 4. e4 g6 5. f3 Bg7 6. Be3 a6 7. a4 b6 8. Qd2 h5 9. h4 Nbd7 10.
Nge2 Qc7 11. Rc1 e5 12. b4 a5 13. b5 c5 14. Nd5 Nxd5 15. cxd5 Qd8 16. dxe5 Nxe5 17.
Bg5 Bf6 18. Nc3 Ra7 19. Be2 Bxg5 20. hxg5 f6 21. f4 Ng4 22. Bxg4 Bxg4 23. gxf6 Qxf6 24. g3 Re7 25. Qe3 Qd4 26. Kf2 Qg7 27. Rce1 O-O 28. Kg2 g5 29. Rhf1 gxf4 30. Rxf4 Rxf4 31. gxf4 Qd4 32. e5 dxe5 33. fxe5 Rg7 34. Kh2 Qb4 35. e6 Qb2+ 36. Ne2 Qf6 37. Qg3 Bxe2 38. e7 Qxe7 39. Qb8+ Kh7 40. Qf4 Rg4 41. Qf2 Qe5+ 42. Kh1 Bf3+ 43.
Qxf3 Qxe1+ 44. Kh2 Qg1+ 45. Kh3 Rg7 46. Qf5+ Qg6 47.
Qf4 Qg4+ 48. Qxg4 Rxg4 49. d6 Rd4 50. d7 Rxd7 0-1

[Event "Late-Titled-Tuesday-Blitz-April-02-2024"]
[Site "Chess.com"]
[Date "2024.04.02"]
[Round "7"]
[White "ChessBrainiacOnTwitch"]
[Black "Indefatigable11"]
[Result "0-1"]
[WhiteElo "2802"]
[BlackElo "2255"]
[TimeControl "180+1"]
[EndTime "15:16:45 PDT"]
[Termination "Indefatigable11 won on time"]

1. e4 e6 2. Qe2 Be7 3. Nf3 d5 4. d3 Nf6 5. g3 Nc6 6. Bg2 O-O 7. O-O dxe4 8. dxe4 e5 9. c3 Bc5 10.
Nbd2 Qe7 11. a4 a5 12. Nc4 b6 13. b3 Ba6 14. Rd1 Rad8 15. Bg5 h6 16. Bxf6 Qxf6 17. Rd5 Rfe8 18. Rad1 Bxc4 19. Qxc4 Kf8 20. R1d3 Qe6 21. Qb5 Nd4 22. cxd4 c6 23. Rxd8 cxb5 24. Rxe8+ Qxe8 25. dxc5 bxc5 26. axb5 Qxb5 27. Nxe5 f6 28. Nc4 a4 29.
Bf1 axb3 30. Rd2 Qb4 31. Bd3 Qc3 32. Kf1 b2 33. Ke2 b1=Q 34. Bxb1 Qxc4+ 35. Bd3 Qb4 36. Rc2 Ke7 37. Rc4 Qb2+ 38. Rc2 Qb4 39. Rc4 Qa3 40. Rc2 Kd6 41. Rc4 g5 42. f4 Qb2+ 43. Rc2 Qd4 44.
Rd2 Qg1 45. Kf3 Qe1 46. Re2 Qd1 47. Ke3 gxf4+ 48. gxf4 Qg1+ 49. Kd2 Qd4 50. e5+ fxe5 51. fxe5+ Ke6 52. Re4 Qd5 53. Kc2 Ke7 54. Re1 c4 55.
Bf1 Qd4 56. e6 Qf2+ 57. Kd1 c3 58. Be2 Qe3 59. Kc2 Qd2+ 60. Kb3 c2 0-1

[Event "Late-Titled-Tuesday-Blitz-April-02-2024"]
[Site "Chess.com"]
[Date "2024.04.02"]
[Round "7"]
[White "newauto"]
[Black "maurovargas01"]
[Result "0-1"]
[WhiteElo "2193"]
[BlackElo "1889"]
[TimeControl "180+1"]
[EndTime "15:16:45 PDT"]
[Termination "maurovargas01 won by checkmate"]

1. d4 Nf6 2. Nf3 e6 3. Bg5 Be7 4. e3 h6 5. Bh4 g5 6. Bg3 d6 7. Nbd2 Rg8 8. Bd3 h5 9. h4 g4 10. Ng5 Nd5 11. c3 Bxg5 12. hxg5 Qxg5 13. Qc2 Nxe3 14.
Qa4+ Bd7 15. Qb3 Nc6 16. Ke2 Nxg2 17. Rag1 Nf4+ 18. Bxf4 Qxf4 19. Rxh5 O-O-O 20. Rb5 b6 21. d5 Ne5 22. Rb4 Qh2 23. Rg3 Nxd3 24. Rxd3 g3 25. Qa3 Kb8 26. dxe6 Qxf2+ 27. Kd1 Bxe6 28. Nf3 Qf1+ 29.
Kc2 Bf5 30. c4 Bxd3+ 31. Qxd3 Qxd3+ 32. Kxd3 g2 33. Ng1 Rg3+ 34. Ke2 Re8+ 35. Kf2 Rg6 36. a4 Ree6 37. a5 Ref6+ 38. Ke2 Kc8 39. axb6 axb6 40. Ra4 Kd7 41. Ra1 Re6+ 42. Kf2 Ref6+ 43. Nf3 g1=Q+ 44. Rxg1 Rxg1 45. Kxg1 Rxf3 46. Kg2 Rb3 47. Kf2 Rxb2+ 48. Ke3 Rb4 49. Kd4 c5+ 50. Kd5 b5 51. cxb5 Rxb5 52.
Kc4 Rb1 53. Kd3 Rb4 54. Kc2 f5 55. Kc3 Rd4 56. Kc2 f4 57. Kc3 f3 58. Kc2 f2 59.
Kc3 f1=Q 60. Kc2 Qf3 61. Kc1 Rg4 62. Kd2 Rg2+ 63. Ke1 Qf1+ 64. Kxf1 Rg5 65. Kf2 Re5 66. Kf3 c4 67. Kf4 Ke6 68. Kf3 c3 69. Kf4 c2 70.
Kf3 c1=Q 71. Kg4 Qc4+ 72. Kf3 Rd5 73. Kf2 Rd3 74. Ke2 Qc2+ 75. Ke1 Rd1# 0-1

[Event "Late-Titled-Tuesday-Blitz-April-02-2024"]
[Site "Chess.com"]
[Date "2024.04.02"]
[Round "7"]
[White "Alexei_Gubajdullin"]
[Black "MikaelyanArman"]
[Result "1/2-1/2"]
[WhiteElo "2629"]
[BlackElo "2813"]
[TimeControl "180+1"]
[EndTime "15:16:51 PDT"]
[Termination "Game drawn by repetition"]

1. Nf3 b6 2. g3 Bb7 3. Bg2 e6 4. O-O Nf6 5. b3 g6 6. Bb2 Bg7 7.
c4 O-O 8. e3 c5 9. Qe2 Nc6 10.
Nc3 Qe7 11. d3 d5 12. e4 Nd4 13. Nxd4 cxd4 14. Nb5 dxe4 15. Bxd4 exd3 16. Qxd3 Bxg2 17. Kxg2 Rfd8 18. Qf3 Ne8 19. Bxg7 Nxg7 20. Rad1 Nf5 21. Qe4 a6 22. Nc3 Qc5 23. Na4 Qc7 24. h4 b5 25.
Nb2 h5 26. Kg1 Qc5 27. Nd3 Qa3 28. cxb5 axb5 29. Nb4 Rac8 30. Qf4 Qb2 31. Qg5 Rd4 32. Nd3 Qe2 33. Nf4 Qxd1 34. Rxd1 Rxd1+ 35. Kg2 Rc2 36. Nxg6 fxg6 37. Qxg6+ Kf8 38. Qf6+ Ke8 39. Qxe6+ Ne7 40. Qe5 Rd5 41. Qb8+ Kd7 42. a4 bxa4 43. bxa4 Rdd2 44.
Qa7+ Ke6 45. a5 Nd5 46. a6 Ra2 47. Kf3 Ra3+ 48. Kg2 Rda2 49. Qh7 Ne3+ 50. Kh3 Ng4 51. Qg6+ Kd7 52. Qf7+ Kc6 53. Qc4+ Kb6 54. Qe6+ Ka7 55.
Qd7+ Kb6 56. Qd6+ Kb5 57. Qd5+ Kb4 58. Qd4+ Kb5 59. Qd5+ Kxa6 60. Qc6+ Ka7 61. Qc7+ Ka8 62. Qc8+ Ka7 63. Qc7+ Ka8 64. Qc8+ Ka7 65. Qc7+ 1/2-1/2

[Event "Late-Titled-Tuesday-Blitz-April-02-2024"]
[Site "Chess.com"]
[Date "2024.04.02"]
[Round "7"]
[White "misterlamine"]
[Black "chess_sharparchitect"]
[Result "0-1"]
[WhiteElo "2442"]
[BlackElo "2295"]
[TimeControl "180+1"]
[EndTime "15:16:52 PDT"]
[Termination "chess_sharparchitect won by resignation"]

1. d4 Nf6 2. Nf3 d5 3. e3 c5 4.
Bb5+ Bd7 5. Bxd7+ Nbxd7 6. O-O e6 7. c3 Bd6 8. Nbd2 O-O 9. Re1 Ne4 10. Nxe4 dxe4 11. Nd2 f5 12. Nf1 Nf6 13. f3 cxd4 14.
exd4 e5 15. fxe4 Nxe4 16. Be3 Qf6 17. Nd2 Nxd2 18. Qxd2 f4 19. Bf2 Rad8 20. Qe2 f3 21.
Qxf3 Qxf3 22. gxf3 exd4 23. Bxd4 Rxf3 24. Rad1 b6 25. Be5 Bc5+ 26. Kh1 Re8 27. Rb1 Rf2 28. b4 Bf8 29. a4 g6 30. Bd4 Rxe1+ 31. Rxe1 Ra2 32. a5 bxa5 33. b5 Rb2 34. c4 Rb4 35. Bxa7 Rxc4 36. b6 Rb4 37. Re8 Kf7 38. Rc8 a4 39.
Rc7+ Ke6 40. b7 Bd6 41. Rg7 a3 42. Rxh7 a2 43. b8=Q Bxb8 44. Bd4 Rb1+ 45. Kg2 Be5 46. Bxe5 Kxe5 47. Ra7 a1=Q 48. Rxa1 Rxa1 49. Kg3 Ra3+ 50. Kh4 Kf6 51. h3 Ra4+ 52. Kg3 Kg5 53. h4+ Kh5 54. Kh3 Ra3+ 55. Kh2 Kxh4 56. Kg1 Kg3 57. Kf1 Ra2 58. Ke1 g5 59. Kd1 Kf3 60. Kc1 Re2 61. Kb1 Ke3 0-1

[Event "Late-Titled-Tuesday-Blitz-April-02-2024"]
[Site "Chess.com"]
[Date "2024.04.02"]
[Round "7"]
[White "Practical-Play"]
[Black "Meri-Arabidze"]
[Result "1/2-1/2"]
[WhiteElo "2517"]
[BlackElo "2700"]
[TimeControl "180+1"]
[EndTime "15:16:53 PDT"]
[Termination "Game drawn by repetition"]

1. e4 c5 2. c3 e6 3. Nf3 d5 4.
exd5 exd5 5. d4 Nc6 6. Bb5 Bd6 7. O-O cxd4 8. Qxd4 Nf6 9. Re1+ Be6 10. Bg5 O-O 11. Bxc6 bxc6 12. Bxf6 Qxf6 13. Qxf6 gxf6 14. Nbd2 c5 15.
Rad1 Rab8 16. b3 Rfd8 17. Nf1 a5 18. Ne3 Be5 19. c4 Bc3 20. cxd5 Bxe1 21. Nxe1 Bd7 22. Nd3 Rbc8 23. Nc4 Bb5 24. Nf4 Bxc4 25. bxc4 Rb8 26. Nd3 Rdc8 27. d6 Kf8 28. d7 Rc7 29. Nxc5 Rd8 30.
Rd5 Ke7 31. g3 Rc6 32. Kg2 Rb8 33.
a4 Kd8 34. h4 Rb4 35. h5 h6 36.
Kh3 Rxc5 37. Rxc5 Rxa4 38. Rc6 Kxd7 39. Rxf6 Rxc4 40. Rxh6 a4 41. Ra6 Kc7 42. h6 Kb7 43. Ra5 Rc6 44. Rh5 a3 45. h7 Rc8 46. Ra5 Rh8 47. Rxa3 Rxh7+ 48. Kg4 Kc6 49. f4 Kd6 50. Ra5 Ke7 51. Kf3 Rh1 52. g4 Rf1+ 53. Ke4 Rb1 54. Ra7+ Kf8 55. g5 Kg7 56. Kf5 Rb5+ 57. Kg4 Rb4 58. Ra6 Rc4 59. Kf5 Rc5+ 60. Kg4 Rc4 61. Kg3 Rc3+ 62. Kg4 Rc4 1/2-1/2

[Event "Late-Titled-Tuesday-Blitz-April-02-2024"]
[Site "Chess.com"]
[Date "2024.04.02"]
[Round "7"]
[White "Durarbayli"]
[Black "Crazy_girl99"]
[Result "1-0"]
[WhiteElo "2917"]
[BlackElo "2633"]
[TimeControl "180+1"]
[EndTime "15:16:55 PDT"]
[Termination "Durarbayli won by checkmate"]

1. d4 Nf6 2. c4 e6 3. Nc3 Bb4 4. f3 d5 5. a3 Bxc3+ 6. bxc3 O-O 7. cxd5 exd5 8. e3 c5 9. Ne2 Re8 10. Nf4 Nc6 11. Bd3 cxd4 12. cxd4 Ne7 13. g4 g5 14. Ng2 Ng6 15. O-O Be6 16. Rb1 Rb8 17. h3 h5 18. gxh5 Nxh5 19. f4 Ng3 20. f5 Nxf1 21.
fxe6 Rxe6 22. Qxf1 b5 23. Rxb5 Rxb5 24. Bxb5 Qb6 25.
Bd3 Rf6 26. Qe1 Qb3 27. Qe2 Rc6 28. Bd2 Qxa3 29. e4 dxe4 30. Bxe4 Rd6 31. Bxg5 Qa1+ 32. Kh2 Qxd4 33. Bxg6 Rxg6 34. Qe8+ Kg7 35. Qe7 Qd5 36. h4 Qf5 37. Qe3 Re6 38. Qxa7 Qe5+ 39. Kh1 Rd6 40.
Qg1 Qe2 41. Be3 Rd1 42. Ne1+ Kf8 43. Bf2 Ke8 44. Qg3 Qe4+ 45. Kh2 Rd5 46. Ng2 Rf5 47.
Be3 Qe5 48. Bf4 Qe4 49. Qg4 Rf6 50. Qg5 Ke7 51. Be5 Qf5 52. Bxf6+ Qxf6 53. Qxf6+ Kxf6 54. Kg3 Kg6 55. Nf4+ Kh6 56. Nh3 f6 57. Nf4 f5 58.
Nh3 Kg6 59. Nf4+ Kh6 60. Kf3 Kg7 61. Ke3 Kf6 62. Kd4 Kg7 63. Kd5 Kh6 64. Ke5 Kh7 65. Kxf5 Kh6 66. Kg4 Kh7 67. Kg5 Kh8 68. Kg6 Kg8 69.
h5 Kh8 70. Nh3 Kg8 71. Ng5 Kh8 72. h6 Kg8 73. h7+ Kh8 74. Nf7# 1-0

[Event "Late-Titled-Tuesday-Blitz-April-02-2024"]
[Site "Chess.com"]
[Date "2024.04.02"]
[Round "7"]
[White "Angry_Twin"]
[Black "Firouzja2003"]
[Result "1-0"]
[WhiteElo "2937"]
[BlackElo "3080"]
[TimeControl "180+1"]
[EndTime "15:16:57 PDT"]
[Termination "Angry_Twin won by checkmate"]

1. e4 c5 2. Nf3 d6 3. Bb5+ Nd7 4.
O-O a6 5. Bd3 Ngf6 6. Re1 e6 7. a4 b6 8. c3 Bb7 9. Na3 Rc8 10. Qe2 d5 11. exd5 Nxd5 12. Bxa6 Bxa6 13. Qxa6 Be7 14. d4 cxd4 15. Nxd4 O-O 16. Qe2 Nc5 17.
Nab5 Bf6 18. Rd1 Qd7 19. Nf3 Nb3 20. Rb1 Qc6 21. Be3 Ra8 22. Nbd4 Qxa4 23. Nxb3 Qxb3 24. Bd4 Rfc8 25. Bxf6 Nxf6 26. Nd4 Qc4 27. Qf3 h6 28. h3 b5 29. Nc2 Nd5 30. Ne3 Nxe3 31. Qxe3 b4 32.
Rbc1 b3 33. Rd4 Qc5 34. Rcd1 Qf5 35. R1d2 e5 36. Rd5 Ra1+ 37. Kh2 Qb1 38. Qxe5 Raa8 39. R5d4 Re8 40. Qf4 Re1 41. Rd8+ Rxd8 42. Rxd8+ Kh7 43. Rd2 Rh1+ 44. Kg3 Qg6+ 45. Qg4 Qf6 46. Qe4+ g6 47. Qf4 Qe7 48. Qe3 Qc7+ 49. Qf4 Qe7 50. Qe3 Qc7+ 51. f4 h5 52. Qe5 Qb6 53. Rd7 h4+ 54. Kg4 Kh6 55. Qh8# 1-0